 Dungeon Crawl Stone Soup version 0.17-a0-2099-g910b1c6 (webtiles) character file.

101 Hedron the Insei (level 4, 0/31 HPs)
             Began as an Octopode Monk on Oct 18, 2015.
             Slain by a sky beast (6 damage)
             ... on level 3 of the Dungeon.
             The game lasted 00:05:26 (2707 turns).

Hedron the Insei (Octopode Monk)                    Turns: 2707, Time: 00:05:26

Health: 0/31       AC:  1    Str: 10    XL:     4   Next: 75%
Magic:  4/4        EV: 14    Int: 12    God:
Gold:   138        SH:  0    Dex: 21    Spells: 0 memorised, 3 levels left

rFire  . . .     SeeInvis .       - Unarmed
rCold  . . .     Clarity  .     (no shield)
rNeg   . . .     SustAt   +     (helmet restricted)
rPois  .         Gourm    .     (no amulet)
rElec  .         Spirit   .     j - +6 ring of dexterity
rCorr  .         Warding  .     c - ring of sustain attributes
rMut   .         Stasis   .     (no ring)
MR     .....                    (no ring)
Stlth  ++++......               (no ring)
                                (no ring)
                                (no ring)
                                (no ring)

@: not resistant to hostile enchantments, stealthy
A: almost no armour, amphibious, 8 rings, constrict 8, camouflage 1, gelatinous
body 1
a: no special abilities


You were on level 3 of the Dungeon.
You were hungry.

You visited 1 branch of the dungeon, and saw 3 of its levels.

You collected 138 gold pieces.

Inventory:

Missiles
 b - 7 poisoned needles
 d - 124 stones (quivered)
 t - 3 tomahawks
Jewellery
 c - a ring of sustain attributes (right tentacle)
 j - a +6 ring of dexterity (left tentacle)
Wands
 f - a wand of polymorph (16)
Scrolls
 e - 3 scrolls of magic mapping
 m - 3 scrolls of remove curse
 p - a scroll of enchant armour
 r - a scroll of recharging {unknown}
Potions
 g - 2 potions of curing {unknown}
 h - a potion of ambrosia
 i - 2 potions of invisibility
 n - 2 potions of agility
 q - a potion of brilliance
 s - a potion of lignification
Comestibles
 a - 2 bread rations
 k - 2 slices of pizza
 l - a beef jerky
 o - 8 chunks of flesh


   Skills:
 - Level 3.0 Fighting
 - Level 3.0 Dodging
 - Level 2.6 Stealth
 + Level 6.0 Unarmed Combat


You had 3 spell levels left.
You didn't know any spells.

Dungeon Overview and Level Annotations

Branches:
Dungeon (3/15)

Altars:
The Shining One


Innate Abilities, Weirdness & Mutations

You cannot wear most types of armour.
You are amphibious.
You can wear up to eight rings at the same time.
You can use your tentacles to constrict eight enemies at once.
Your skin changes colour to match your surroundings (Stealth).
Your rubbery body absorbs attacks (AC +1).


Message History

o - 8 chunks of flesh (gained 3)
You see here a mace of holy wrath.
You open the door.
Found a pair of boots.
There is an open door here.
You open the door.
A sky beast comes into view.
There is an open door here.
A hobgoblin comes into view. It is wielding a club.
The sky beast flickers out of sight!
Deactivating autopickup; reactivate with Ctrl-A.
Something hits you. Something shocks you.
You closely miss something.
You are feeling hungry.
Something hits you. Something shocks you.
You tentacle-slap something. Something hits you but does no damage.
You barely miss something. Something hits you.
* * * LOW HITPOINT WARNING * * *
Something shocks you.
You die...

##............
#............
#.#........#.
####'##########.
####### #.....[#
g......##......#
........'......#
........#......#
.......@########
.......{#
#######.# #..
###


You could see a hobgoblin (sleeping).

Vanquished Creatures
  3 adders
  2 oozes
  A giant gecko (D:1)
  9 orcs (D:3)
  2 ball pythons
  6 goblins
  6 hobgoblins
  3 jackals (D:2)
  A quokka (D:3)
  8 bats
  2 giant cockroaches (D:3)
  A giant newt (D:2)
  7 kobolds
  2 rats (D:1)
53 creatures vanquished.

Notes
Turn   | Place    | Note
--------------------------------------------------------------
     0 | D:1      | Hedron the Octopode Monk began the quest for the Orb.
     0 | D:1      | Reached XP level 1. HP: 16/16 MP: 1/1
   241 | D:1      | Reached XP level 2. HP: 14/21 MP: 2/2
   986 | D:2      | Reached XP level 3. HP: 26/26 MP: 3/3
  1080 | D:2      | Reached skill level 5 in Unarmed Combat
  1191 | D:2      | Found a glowing golden altar of the Shining One.
  2024 | D:3      | Reached XP level 4. HP: 25/31 MP: 4/4
  2676 | D:3      | Reached skill level 6 in Unarmed Combat
  2702 | D:3      | Noticed a sky beast
  2707 | D:3      | Slain by a sky beast

Vault maps used:
D:1:      matt_arrival_los_fun, nrook_mini_backslash
D:2:      overflow_temple_1_default, serial_co_window_serial,
          co_window_corner_a, co_window_paths_a, co_window_paths_b,
          co_window_corner_a, co_window_paths_a, co_window_corner_ca,
          co_window_of_opportunity_c, co_window_unsneaky_path_b,
          co_window_broadway_b, co_window_of_opportunity_c, co_window_corner_b,
          glass_columns_a, kennysheep_small_spiral, minmay_misc_feat_x

Action                   |  1- 3 |  4- 6 || total
-------------------------+-------+-------++-------
Melee: Unarmed           |    63 |    44 ||   107
  Use: Scroll            |     7 |     2 ||     9
 Stab: Sleeping          |     6 |     2 ||     8
       Distracted        |     1 |       ||     1
  Eat: Chunk             |     2 |     3 ||     5
